[Event "SixDays Budapest May IM 2023"]
[Site "Budapest"]
[Date "2023.05.28"]
[Round "3.4"]
[White "Tancsa, Tamas"]
[Black "Manu David Suthandram R"]
[Result "1/2-1/2"]
[Annotator "TA"]
[ECO "B30"]
[WhiteElo "2188"]
[BlackElo "2332"]
[PlyCount "57"]
[EventDate "2023.05.25"]
[EventType "tourn"]
[EventCountry "HUN"]
[SourceTitle "playchess.com"]
[Source "ChessBase"]
[SourceQuality "1"]
[TimeControl "5400+30"]

1. e4 {[%emt 0:00:39] Postny,Evgeny} c5 2. Nf3 Nc6 3. Bb5 Nf6 4. e5 Nd5 5. Nc3 Nc7 6. Bxc6 dxc6 7. O-O g6 8. Ne4 b6 9. Re1 Ne6 10. d3 Bg7 11. Be3 O-O 12. Qd2 f5 13. exf6 {[%emt 0:08:34] B31: Sicilian: 2...Nc6 3 Bb5 g6.} exf6 14. c3 {[%emt 0:13:43] [#]} Qd5 $146 ({Predecessor:} 14... Ba6 15. Rad1 Qc7 16. Bh6 Rad8 17. Bxg7 Kxg7 18. Qc2 Nf4 19. c4 Bc8 20. Re3 Bg4 {0-1 Timman,J (2578)-Van Wely,L (2617) Cogas Energie m 2004 (4)}) 15. Bh6 {[%emt 0:04:56] The position is equal.} g5 16. Bxg7 Kxg7 (16... Nxg7 $11 17. c4 Qf7) 17. Ng3 Nf4 18. Re3 (18. h4 $1 $14) 18... Bg4 $11 19. c4 ({But not} 19. Re7+ Kg8 20. Ne1 Rae8 $15) 19... Qd7 20. h3 (20. Rae1 {simplifies} Rae8 21. d4 cxd4 22. Nxd4 Rxe3 23. fxe3 Nh5 24. Ne4) 20... Bxf3 21. Re7+ Qxe7 $17 22. Nf5+ Kf7 23. Nxe7 Bxg2 24. Re1 Rad8 25. Re3 (25. Nf5 $15 Rd7 26. Qc2) 25... Rd7 $36 {[%emt 0:04:01][%mdl 2048] Black is in control.} (25... Nxh3+ $2 26. Kxg2 Nf4+ 27. Kh2 $18) 26. Nf5 (26. Qe1 $17 {keeps fighting.}) 26... Bxh3 $19 (26... Nxh3+ $2 27. Kxg2 Nf4+ 28. Kg3 $18) 27. Ng3 Rfd8 {[%emt 0:00:07][%cal Oh7h5] Threatens to win with ...h5!} 28. Qe1 (28. Qd1 $142) 28... Ng2 ({Weaker is} 28... Nxd3 29. Rxd3 Rxd3 30. Qe4 Rd1+ 31. Kh2 $17) 29. Qe2 {[%emt 0:01:33][%mdl 32768] An interesting game.   Weighted Error Value: White=0.44/Black=0.20 (precise) . An unexpected result.} 1/2-1/2

[Event "SixDays Budapest May IM 2023"]
[Site "Budapest"]
[Date "2023.05.28"]
[Round "3.5"]
[White "Nemeth, Zalan"]
[Black "Horvath, David"]
[Result "1/2-1/2"]
[Annotator "TA"]
[ECO "D10"]
[WhiteElo "2289"]
[BlackElo "2362"]
[PlyCount "89"]
[EventDate "2023.05.25"]
[EventType "tourn"]
[EventCountry "HUN"]
[SourceTitle "playchess.com"]
[Source "ChessBase"]
[SourceQuality "1"]
[TimeControl "5400+30"]

1. d4 d5 2. c4 c6 3. g3 Nf6 4. Nf3 a6 5. Bg2 Bf5 6. Qb3 {[%emt 0:00:48] D11: Slav Defence: 3 Nf3 sidelines and 3...Nf6 4 e3 Bg4.} Ra7 7. Nc3 e6 8. c5 (8. O-O $14) 8... Nbd7 {[%emt 0:01:23][%cal Bb8d7,Bd7f8,Bf8e6][%mdl 32] [#]} 9. Nh4 $146 ({Predecessor:} 9. Bf4 Nh5 10. Bd2 Be7 11. h3 Nhf6 12. g4 Bg6 13. Nh4 Ne4 14. Bxe4 Bxe4 15. Nxe4 dxe4 {0-1 Palma,L (1809)-Pangilinan,S (2060) PHI-ch U12 San Antonio 2014 (6)}) 9... Be7 10. Nxf5 exf5 11. Qc2 g6 $1 12. Bh6 Nf8 13. Bg7 Rg8 14. Bxf6 Bxf6 15. e3 Ne6 16. b4 h5 17. h4 Qe7 18. Kf1 Kf8 19. Bf3 Kg7 20. Kg2 Raa8 21. a4 Qd7 22. Ra2 Bd8 {[%emt 0:02:09] [#]} 23. b5 $1 Ba5 (23... Bf6 24. bxc6) 24. bxc6 bxc6 25. Rb2 Bc7 26. Qd3 a5 (26... f4 $5) 27. Rhb1 Rgc8 (27... f4 $5) 28. Qd2 Kg8 29. Be2 Ng7 30. Bd3 Ne8 31. Qe2 Ra7 (31... Rd8 $14) 32. Nb5 $1 $16 {[%emt 0:07:49] White has more active pieces. The black rooks are badly placed.} Rb7 ({Better is} 32... Raa8) 33. Nxc7 $1 Rcxc7 34. Qd2 {[%emt 0:01:26] Hoping for Rxb7.} Rxb2 (34... Ra7 $16) 35. Rxb2 $18 (35. Qxb2 Nf6 36. Qb6 Ra7 37. Qb8+ Kg7) 35... Ra7 36. Rb8 Kg7 {[%emt 0:00:43] [#]} 37. Qb2 $1 Nf6 38. Qb6 Rc7 $2 (38... Ng4 39. Be2 Nh6) 39. Qxa5 Ra7 {[%emt 0:00:17] Black is weak on the dark squares} 40. Ba6 $2 ({White has to play} 40. Qb4 $18) 40... Qe7 $11 41. Qb6 Qe4+ $2 (41... f4 $1 $11 {and Black stays safe.} 42. gxf4 (42. exf4 Qe4+ 43. f3 Qc2+ 44. Kh3 Qd1 $11) 42... Ng4) 42. Kg1 $18 f4 $2 {[%emt 0:00:51] [#]} (42... Re7) 43. Qd8 $1 Nh7 {[%emt 0:00:02] Threatens to win with ...fxg3.} (43... Qe8 44. Qxe8) 44. Qg8+ $2 ({White should try} 44. Qh8+ $18 Kh6 45. exf4) 44... Kh6 $15 {[%emt 0:00:08][%mdl 1024] Black has compensation.} 45. Ra8 $2 {Weighted Error Value: White=0.31/Black=0.40} (45. Rf8 $1 $15 Qb1+ 46. Kg2 Qe4+ 47. Kg1 Qb1+ 48. Bf1 Nxf8 49. Qxf8+ Kh7 50. gxf4) 1/2-1/2

[Event "SixDays Budapest May IM 2023"]
[Site "Budapest"]
[Date "2023.05.29"]
[Round "4.1"]
[White "Szeberenyi, Adam"]
[Black "Horvath, David"]
[Result "1/2-1/2"]
[Annotator "TA"]
[ECO "A39"]
[WhiteElo "2338"]
[BlackElo "2362"]
[PlyCount "38"]
[EventDate "2023.05.25"]
[EventType "tourn"]
[EventCountry "HUN"]
[SourceTitle "playchess.com"]
[Source "ChessBase"]
[SourceQuality "1"]
[TimeControl "5400+30"]

1. c4 c5 2. Nc3 Nc6 3. g3 g6 4. Bg2 Bg7 5. Nf3 Nf6 6. O-O O-O 7. d4 cxd4 8. Nxd4 Nxd4 9. Qxd4 d6 10. Qd3 a6 {[#]} {Predecessor:} 11. Rd1 $146 {A39: Symmetrical English vs ...g6: 4 Bg2 Bg7 5 Nf3 Nf6 6 0-0 0-0 7 d4.} Bf5 12. Qd2 Rb8 13. Qe1 Qc7 14. b3 b5 15. cxb5 axb5 16. Bb2 b4 17. Na4 Rfc8 18. Rac1 Qa5 19. Rxc8+ Rxc8 {½-½ Abdusattorov,N (2661)-Andreikin,D (2729) Titled Tuesday intern op 17th May Early blitz 2022 (7)} 1/2-1/2

[Event "SixDays Budapest May IM 2023"]
[Site "Budapest"]
[Date "2023.05.29"]
[Round "4.2"]
[White "Manu David Suthandram R"]
[Black "Nemeth, Zalan"]
[Result "1/2-1/2"]
[Annotator "TA"]
[ECO "B01"]
[WhiteElo "2332"]
[BlackElo "2289"]
[PlyCount "50"]
[EventDate "2023.05.25"]
[EventType "tourn"]
[EventCountry "HUN"]
[SourceTitle "playchess.com"]
[Source "ChessBase"]
[SourceQuality "1"]
[TimeControl "5400+30"]

1. e4 d5 2. exd5 Qxd5 3. Nc3 Qa5 4. g3 Nf6 5. Bg2 Bg4 {[%emt 0:08:03] [#]} 6. Bf3 $146 {[%emt 0:05:54] B01: Scandinavian Defence.} (6. Nge2 $14 Nc6 7. h3) ({Predecessor:} 6. Nf3 Nc6 7. h3 Bh5 8. Ng1 {½-½ Vasquez Schroder,R (2520)-Munoz Pantoja,M (2367) Santiago de Compostela Bicapawn GP B4 blitz 2022 (9)}) 6... h5 $11 7. h3 Bxf3 8. Nxf3 {[%emt 0:00:20] Black has an edge.} Nc6 9. d3 O-O-O 10. O-O e6 (10... Qf5 {looks sharper.} 11. Kg2 e5 12. Bg5 Bc5) 11. Qd2 Nh7 (11... Bb4 $15) 12. Ne4 (12. Qf4 $5 ) 12... Qd5 13. Qe3 {[%emt 0:00:50] [#]} h4 $1 14. g4 ({Much worse is} 14. Nxh4 Nd4 15. Nf3 Nxc2 16. Qxa7 Nxa1 $11) 14... f5 15. Nc3 {[%emt 0:04:28] [#]} Qd7 {[%emt 0:02:17] Strongly threatening ...fxg4.} 16. g5 ({Much weaker is} 16. Nxh4 f4 17. Qxf4 g5 $17) 16... e5 17. Nxe5 (17. Nxh4 $2 {too greedy.} f4 18. Qe4 Nxg5 $19) 17... Nxe5 18. Qxe5 Bd6 19. Qd5 f4 20. Qg2 Qf5 21. Ne4 Be7 $1 22. Qg4 Qxg4+ {[%emt 0:00:01] Black is slightly better.} 23. hxg4 Nxg5 24. Nxg5 Bxg5 25. Re1 Rhe8 {[%emt 0:06:17] Weighted Error Value: White=0.11 (very precise) /Black=0.04 (flawless)} 1/2-1/2

[Event "SixDays Budapest May IM 2023"]
[Site "Budapest"]
[Date "2023.05.29"]
[Round "4.3"]
[White "Ojas Kulkarni"]
[Black "Tancsa, Tamas"]
[Result "1/2-1/2"]
[Annotator "TA"]
[ECO "C88"]
[WhiteElo "2230"]
[BlackElo "2188"]
[PlyCount "38"]
[EventDate "2023.05.25"]
[EventType "tourn"]
[EventCountry "HUN"]
[SourceTitle "playchess.com"]
[Source "ChessBase"]
[SourceQuality "1"]
[TimeControl "5400+30"]

1. e4 e5 2. Nf3 Nc6 3. Bb5 a6 4. Ba4 Nf6 5. O-O Be7 6. Re1 b5 7. Bb3 O-O 8. a4 b4 9. d4 d6 10. dxe5 dxe5 11. Nbd2 {[%emt 0:05:13] C88: Closed Ruy Lopez: Anti-Marshall Systems.} Bc5 12. Qe2 Nd4 13. Nxd4 {[%emt 0:05:25] White has an edge.} Bxd4 14. Nf3 {[%emt 0:00:33] [#]} Bb7 $146 ({Predecessor:} 14... Bg4 15. h3 Bxf3 16. Qxf3 h6 17. c3 bxc3 18. bxc3 Bc5 19. a5 Qd6 20. Qe2 Qc6 {1-0 Morozov,D (2453)-Ruiz Jarabo Pelayo,F (2286) W-Cup21 WS11 email 2015}) 15. Nd2 Qd7 16. a5 Rad8 17. Bc4 Qc6 {[%emt 0:02:55] The position is equal.} 18. Bd3 Ba7 19. h3 h6 {[%emt 0:12:07] Weighted Error Value: White=0.07 (flawless) /Black=0.08 (flawless)} 1/2-1/2

[Event "SixDays Budapest May IM 2023"]
[Site "Budapest"]
[Date "2023.05.29"]
[Round "4.4"]
[White "Dudognon, Thibault"]
[Black "Semprun Martinez, Fernando"]
[Result "1-0"]
[Annotator "TA"]
[ECO "C45"]
[WhiteElo "2325"]
[BlackElo "2125"]
[PlyCount "120"]
[EventDate "2023.05.25"]
[EventType "tourn"]
[EventCountry "HUN"]
[SourceTitle "playchess.com"]
[Source "ChessBase"]
[SourceQuality "1"]
[TimeControl "5400+30"]

1. e4 e5 2. Nf3 Nc6 3. d4 exd4 4. Nxd4 Nf6 5. Nxc6 bxc6 6. e5 Qe7 7. Qe2 Nd5 8. c4 Ba6 9. Nd2 g6 10. Nf3 {[%emt 0:00:03] C45: Scotch Game.} Qb4+ 11. Kd1 Bg7 12. Qd2 {[%emt 0:00:46] The position is equal.} Qxd2+ 13. Bxd2 Nb6 14. b3 c5 15. Kc2 O-O 16. Rd1 {[%emt 0:04:03] [#]} f6 $146 ({Predecessor:} 16... Rfe8 17. a4 Nc8 18. Be3 d6 19. exd6 cxd6 20. Bf4 Bb7 21. h4 h5 22. Bd3 f5 {½-½ Siefring,C (2499)-Reinhart,K (2464) Berliner Inv A email 2013}) 17. exf6 Bxf6 18. Be3 (18. Bh6 $5 ) 18... d6 19. Be2 Bb7 20. Ne1 ({White should play} 20. Bd3 $11) 20... Rae8 (20... Be4+ $15 21. Bd3 Bc6) 21. Bf3 $11 Be4+ 22. Bxe4 Rxe4 23. Nf3 (23. Kd3 {is interesting.} Re6 24. Nf3 d5 25. Rhe1) 23... Nc8 24. Rhe1 Rfe8 25. Kd3 (25. Bd2 {simplifies} Rxe1 26. Rxe1 Kf7 27. Rxe8 Kxe8 28. h3) 25... Kf7 26. Bd2 Rxe1 27. Rxe1 Rxe1 28. Bxe1 {[%emt 0:00:06][%mdl 4096] Endgame KBN-KBN} Ke6 29. Ba5 c6 30. Bd2 Kf5 31. h3 h5 32. Nh2 Bd4 33. g4+ hxg4 34. hxg4+ Ke6 35. f4 d5 (35... Nb6 $11) 36. Nf3 $16 Bf6 {[%emt 0:01:59] [#]} 37. Be3 $1 Kd6 38. Bc1 a5 $2 {[%emt 0:08:59] This costs Black the game.} (38... Ke7 $16 {is a better defense.}) 39. g5 $18 Bd8 40. Ne5 Ne7 41. Nf7+ Kd7 42. Nxd8 Kxd8 {[%emt 0:00:01] KB-KN} 43. Bd2 Kc7 $2 {[%emt 0:00:25] [#]} (43... a4 44. bxa4 Kc7) 44. Bxa5+ Kb7 45. Be1 Nf5 46. Bf2 Kb6 47. b4 d4 48. bxc5+ Kxc5 49. a3 Kb6 50. Bxd4+ Ka5 51. Bf2 Ka4 52. c5 {[%emt 0:00:21] White mates.} Kxa3 53. Ke4 Ne7 54. Ke5 Kb4 55. Kd6 Nd5 56. Kxc6 Nxf4 57. Kb7 Ne6 58. c6 Nxg5 59. c7 Ne4 60. Kc6 ({And not} 60. c8=R Nd6+ 61. Kc7 Nxc8 $11) 60... Nxf2 {[%emt 0:00:23] Weighted Error Value: White=0.05 (flawless) /Black=0.27 (precise)} 1-0

[Event "SixDays Budapest May IM 2023"]
[Site "Budapest"]
[Date "2023.05.29"]
[Round "4.5"]
[White "To, Nhat Minh"]
[Black "Arvind Ramnath Iyer"]
[Result "1/2-1/2"]
[Annotator "TA"]
[ECO "B54"]
[WhiteElo "2359"]
[BlackElo "1883"]
[PlyCount "42"]
[EventDate "2023.05.25"]
[EventType "tourn"]
[EventCountry "HUN"]
[SourceTitle "playchess.com"]
[Source "ChessBase"]
[SourceQuality "1"]
[TimeControl "5400+30"]

1. e4 c5 2. Nf3 d6 3. d4 cxd4 4. Nxd4 Nf6 5. f3 g6 6. c4 Bg7 7. Nc3 O-O 8. Be3 Nc6 9. Qd2 Nxd4 {[%emt 0:00:52] [#] Not much happened in this game.  B38: Sicilian: Maroczy Bind with 5...Bg7 and 7...0-0.} {Predecessor:} 10. Bxd4 $146 Be6 11. Be2 Qa5 12. b3 a6 13. a4 Nd7 14. Bxg7 Kxg7 15. Rb1 Qb6 16. Bd1 f5 17. Bc2 Rac8 18. Qf2 Qxf2+ 19. Kxf2 Bxc4 20. bxc4 Rxc4 21. Rxb7 Rxc3 {0-1 Hou,Y (2628)-Vakhidov,J (2607) Astana Satty Zhuldyz Blitz 2023 (19)} 1/2-1/2

[Event "SixDays Budapest May IM 2023"]
[Site "Budapest"]
[Date "2023.05.29"]
[Round "5.1"]
[White "Arvind Ramnath Iyer"]
[Black "Szeberenyi, Adam"]
[Result "1/2-1/2"]
[Annotator "TA"]
[ECO "B40"]
[WhiteElo "1883"]
[BlackElo "2338"]
[PlyCount "62"]
[EventDate "2023.05.25"]
[EventType "tourn"]
[EventCountry "HUN"]
[SourceTitle "playchess.com"]
[Source "ChessBase"]
[SourceQuality "1"]
[TimeControl "5400+30"]

1. e4 c5 2. Nf3 e6 3. c3 Nf6 4. e5 Nd5 5. d4 cxd4 6. cxd4 Nc6 7. Bc4 d6 8. O-O Be7 9. Bd2 O-O 10. Nc3 dxe5 11. dxe5 Nb6 {[%emt 0:00:52] B22: Sicilian: 2 c3.} 12. Bb3 Nd7 13. Qe2 Nc5 {[%emt 0:03:01] The position is equal.} 14. Bc2 Nb4 15. Be3 Nxc2 16. Qxc2 (16. Rad1 $14 Qe8 17. Qxc2) 16... Qd3 $36 {[%emt 0:03:10][%mdl 2048] [#] Black is more active.} 17. Qc1 $146 ({Predecessor:} 17. Rac1 b6 18. Rfd1 Qxc2 19. Rxc2 Ba6 20. Rcd2 Nb7 21. Ne4 Rfd8 22. Rd7 {0-1 Gambarini,V-Alonso,N (2107) Birigui U2200 op 1st 2006 (3)}) 17... b6 18. Bg5 f6 19. exf6 gxf6 20. Bh6 Rf7 21. Qe3 Bb7 (21... Qxe3 {simplifies} 22. Bxe3 Nd3 23. Rab1 e5) 22. Qxd3 Nxd3 23. Nd4 Nxb2 ({Black should try} 23... Kh8 $17 {...Rg8 would be deadly.} 24. Nxe6 Rg8) 24. Nxe6 Rc8 25. Nb5 Bd5 26. Nbd4 (26. Nxa7 $11 Bxe6 27. Nxc8 Bxc8 28. Rab1) 26... Bb4 {[%emt 0:03:51] This pair of bishops is nice.} 27. Rfc1 Rxc1+ 28. Rxc1 {[%emt 0:00:02] [#]} Re7 $2 {[%emt 0:00:38][%mdl 8192] This move loses the game for Black.} (28... Rd7 $1 $17 {[%cal Og8f7] keeps the pressure on. Hoping for ...Kf7!} 29. Rc8+ Kf7) 29. Rc8+ $18 {[%emt 0:02:04] White has a decisive advantage.} Kf7 {[%emt 0:00:12] [#]} 30. Rf8+ $1 Kg6 31. Rg8+ (31. Nf4+ $2 Kxh6 32. Nf5+ Kg5 33. Nxe7 Bxe7 $17) 31... Kf7 {[%mdl 32768] Weighted Error Value: White=0.15 (very precise) /Black=0.31. An unexpected result.} (31... Kxh6 $2 {is a self mate.} 32. Nf5+ Kh5 33. g4#) 1/2-1/2

[Event "SixDays Budapest May IM 2023"]
[Site "Budapest"]
[Date "2023.05.29"]
[Round "5.2"]
[White "Semprun Martinez, Fernando"]
[Black "To, Nhat Minh"]
[Result "0-1"]
[Annotator "TA"]
[ECO "D11"]
[WhiteElo "2125"]
[BlackElo "2359"]
[PlyCount "80"]
[EventDate "2023.05.25"]
[EventType "tourn"]
[EventCountry "HUN"]
[SourceTitle "playchess.com"]
[Source "ChessBase"]
[SourceQuality "1"]
[TimeControl "5400+30"]

1. d4 d5 2. c4 c6 3. Nf3 Nf6 4. Qc2 g6 5. Bf4 Bg7 {[%emt 0:00:24] Black is weak on the dark squares} 6. Nbd2 {[%emt 0:01:54] D11: Slav Defence: 3 Nf3 sidelines and 3...Nf6 4 e3 Bg4.} O-O 7. g3 {[%emt 0:04:53] [#]} c5 $146 ({Predecessor:} 7... Bf5 8. Qb3 Qb6 9. c5 Qxb3 10. axb3 Nbd7 11. h3 Be4 12. Nxe4 dxe4 13. Nd2 Nd5 {½-½ Sfarlog,T (2288)-Foisor,C (2344) Timisoara IM 2008 (5)}) 8. dxc5 {[%emt 0:05:43] Black is slightly better.} Nc6 9. Ne5 (9. Bg2 $11 {remains equal.}) 9... Nh5 $17 10. Nxc6 (10. cxd5 $17 Nxe5 11. Bxe5 Bxe5 12. Bg2) 10... bxc6 $19 11. Rd1 e5 (11... Nxf4 $19 12. gxf4 Bf5) 12. Be3 $17 d4 {[%emt 0:03:02][%mdl 1024] Black has strong compensation.} 13. Nb3 a5 14. Bg2 a4 15. Nc1 (15. Na1 $17) 15... Bf5 16. Be4 Bxe4 17. Qxe4 Qb8 18. Bd2 Qxb2 19. O-O (19. Qxc6 $17 {was called for.} Qc2 20. Nd3) 19... Rac8 $19 20. Ba5 Rfe8 21. Rd2 Qb7 22. Qc2 Qd7 (22... Ra8 $19 23. Bb6 e4) 23. e3 $17 Qh3 {[%emt 0:02:49] Hoping for ...Nf6.} 24. exd4 exd4 {[%emt 0:00:47] Black is more active.} ({Black should try} 24... Nf6 $17 {Strongly threatening ...Ng4.} 25. f3 exd4) 25. Nd3 Bh6 {[%emt 0:00:49] Black keeps a firm grip on the game.} 26. Re2 {[%emt 0:01:19] [#]} Nf6 $1 $40 {[%emt 0:00:45][%mdl 128] aiming for ...Ng4. Black wants a kill.} 27. Ne1 {[%emt 0:09:08] [#]} (27. Rfe1 $17) 27... Qh5 $1 $19 (27... Ng4 28. Nf3 $17) ({Not} 27... Rxe2 28. Qxe2 Qf5 29. Nd3 $17) 28. Rxe8+ Rxe8 ({Worse is} 28... Nxe8 29. Bb6 $11) 29. Qxa4 Qxc5 30. Nd3 (30. Bb4 $142 Qxc4 31. Qb3 Qxb3 32. axb3) 30... Qf5 31. Rd1 (31. Nb4 Rc8 32. Nxc6) 31... Ra8 {[%emt 0:01:30] Black is clearly winning.} 32. c5 Ne4 {[%emt 0:20:02] White must now prevent ...Nc3.} 33. Qxd4 Bg7 {[%emt 0:04:38] Repels Bc3} 34. Qa4 Nc3 ({And not} 34... Nxc5 35. Nxc5 Qxc5 36. Bb4 Rxa4 37. Bxc5 $11) 35. Qxc6 Rc8 36. Qxc8+ Qxc8 37. Bxc3 Bxc3 38. Rc1 Ba5 39. c6 Qf5 40. Nc5 Bb6 {[%emt 0:02:36] Weighted Error Value: White=0.31/Black=0.12 (very precise)} 0-1

[Event "SixDays Budapest May IM 2023"]
[Site "Budapest"]
[Date "2023.05.29"]
[Round "5.3"]
[White "Tancsa, Tamas"]
[Black "Dudognon, Thibault"]
[Result "1/2-1/2"]
[Annotator "TA"]
[ECO "B51"]
[WhiteElo "2188"]
[BlackElo "2325"]
[PlyCount "43"]
[EventDate "2023.05.25"]
[EventType "tourn"]
[EventCountry "HUN"]
[SourceTitle "playchess.com"]
[Source "ChessBase"]
[SourceQuality "1"]
[TimeControl "5400+30"]

1. e4 c5 2. Nf3 d6 3. Bb5+ Nd7 4. O-O a6 5. Bd3 Ngf6 {[%emt 0:00:03] The position is equal.} 6. Re1 {[%emt 0:00:19] B51: Sicilian: Moscow Variation (3 Bb5+) without 3...Bd7.} e6 7. c3 b5 8. Bc2 c4 9. a4 Bb7 10. d4 cxd3 11. Qxd3 Nc5 12. Qe2 bxa4 13. e5 dxe5 14. Nxe5 {[%emt 0:00:07] Threatening Rxa4.} Qd5 {[%emt 0:00:09][%csl Gb7][%cal Rd5g2] [#]} 15. f3 {[%emt 0:00:35] Threatens to win with Rd1. Active counter play!} Bd6 {[%emt 0:00:59] [#] An uneventful encounter.   Weighted Error Value: White=0.01 (flawless) /Black=0.00 (flawless)} {Predecessor:} 16. Nd2 $146 Nb3 17. Ndc4 Bxe5 18. Nxe5 Nxa1 19. Bxa4+ Ke7 20. b3 Kf8 21. Ba3+ Kg8 22. Rxa1 {½-½ Naumann,A (2562)-Volokitin,A (2623) AUT-chT 1718 2017 (2.5)} 1/2-1/2

[Event "SixDays Budapest May IM 2023"]
[Site "Budapest"]
[Date "2023.05.29"]
[Round "5.4"]
[White "Nemeth, Zalan"]
[Black "Ojas Kulkarni"]
[Result "1/2-1/2"]
[Annotator "TA"]
[ECO "E04"]
[WhiteElo "2289"]
[BlackElo "2230"]
[PlyCount "76"]
[EventDate "2023.05.25"]
[EventType "tourn"]
[EventCountry "HUN"]
[SourceTitle "playchess.com"]
[Source "ChessBase"]
[SourceQuality "1"]
[TimeControl "5400+30"]

1. d4 Nf6 2. c4 e6 3. Nf3 d5 4. g3 dxc4 5. Bg2 Bd7 6. Ne5 Bc6 7. Nxc6 Nxc6 8. O-O {[%emt 0:02:56] 8.e3 is not played anymore.} Qd7 {[%emt 0:01:58] E04: Open Catalan: 5 Nf3.} 9. e3 Nd5 10. Qe2 h5 {[%emt 0:04:38] [#] The position is equal.} 11. Rd1 $146 ({Predecessor:} 11. Qxc4 h4 12. Nc3 O-O-O 13. Bd2 f5 14. Rac1 g5 15. e4 Nb6 16. Qd3 hxg3 17. fxg3 {0-1 Xu,X (2571)-Erigaisi,A (2681) Chess.com Rapid Wk17 Swiss 2022 (8)}) 11... O-O-O 12. Nd2 e5 (12... h4 $11) 13. Nxc4 $14 exd4 14. exd4 f6 15. Ne3 Nce7 16. Bd2 $36 {[%emt 0:05:32][%mdl 2048] White is more active.} h4 17. Qf3 (17. Rac1 {keeps more tension.} Kb8 18. Ba5 hxg3 19. hxg3 Rc8 20. Qf3) 17... hxg3 18. hxg3 (18. Qxg3 g5 $15) (18. fxg3 c6 $11) 18... c6 19. Rac1 Kb8 {[%emt 0:00:33] [#]} 20. Nc4 (20. b4 $1 $16) 20... Nc8 ({Black should try} 20... Nf5) 21. Qb3 Re8 (21... Nce7 $11) 22. a4 $16 Ncb6 ({Better is} 22... Re2 $14) 23. Nxb6 $18 axb6 {[%emt 0:02:51] [#]} 24. a5 $1 bxa5 25. Bxa5 Rh5 26. Bd2 {[%emt 0:03:03] This pair of bishops is nice.} (26. Bf3 $18 Rf5 27. Bg4 {[%mdl 64] Skewer}) 26... Bd6 $16 27. Qf3 (27. Bf3 $16 Reh8 28. Bxh5 Rxh5 29. Qf3 (29. Re1 Rh8 $16)) 27... Reh8 $11 {[%emt 0:00:19] [#]} 28. b4 $1 {[%emt 0:00:01][%cal Ob4b5] Hoping for b5!} g5 {[%emt 0:00:28] ...g4 is the strong threat.} (28... Bxb4 29. Rb1 Bd6 30. Rb2) (28... Nc7 29. Ra1) 29. g4 (29. b5 $11 {remains equal.} g4 30. Qe4 (30. Qb3 $2 Qh7 $19) 30... cxb5 31. Re1) 29... Rh4 30. b5 $1 Qxg4 ({Much less strong is} 30... Rxg4 31. bxc6 bxc6 32. Ra1 $11) 31. Qxg4 Rxg4 32. f3 (32. Kf1 $142) 32... Rxd4 $17 33. bxc6 b6 34. Be1 ({But not} 34. Bxg5 $2 Bc5 35. c7+ Kc8 $19) 34... Rxd1 {[%emt 0:00:51][%mdl 64] Deflection} 35. Rxd1 Bc5+ 36. Bf2 {[%emt 0:00:08][%cal Of2c5] Bxc5! would be deadly.} Bxf2+ (36... Nf4 $142 {Threatens to win with ...Bxf2+.} 37. Bf1 Kc7) 37. Kxf2 Nf4 {[%emt 0:00:02] Strongly threatening ...Rh2.} 38. Bf1 Kc7 {[%emt 0:00:55] Black used his chance.   Weighted Error Value: White=0.25 (precise) /Black=0.21 (precise)} 1/2-1/2

[Event "SixDays Budapest May IM 2023"]
[Site "Budapest"]
[Date "2023.05.29"]
[Round "5.5"]
[White "Horvath, David"]
[Black "Manu David Suthandram R"]
[Result "1-0"]
[Annotator "TA"]
[ECO "D33"]
[WhiteElo "2362"]
[BlackElo "2332"]
[PlyCount "85"]
[EventDate "2023.05.25"]
[EventType "tourn"]
[EventCountry "HUN"]
[SourceTitle "playchess.com"]
[Source "ChessBase"]
[SourceQuality "1"]
[TimeControl "5400+30"]

1. Nf3 Nf6 2. c4 e6 3. Nc3 d5 4. d4 c5 5. cxd5 exd5 6. g3 Nc6 7. Bg2 Bg4 {[%emt 0:00:16] 7...cxd4 gains popularity.} 8. Bg5 Be6 {[%emt 0:17:02] D33: Tarrasch Defence: 6 g3 sidelines.} 9. O-O cxd4 10. Nxd4 Be7 {[%emt 0:00:52] White is better.} 11. Qa4 Qb6 12. Nxc6 {[%emt 0:15:11] [#]} bxc6 $146 ({Predecessor:} 12... Qxc6 13. Qxc6+ bxc6 14. Rac1 Kd7 15. Na4 Rhc8 16. Nc5+ Bxc5 17. Rxc5 Ke7 18. Rfc1 Kd6 19. Bxf6 gxf6 {1-0 MacMillen,A (1413)-Brooksbank,K (1800) SCO op-A email 2008}) 13. Bxf6 Bxf6 14. Nxd5 Bxd5 15. Bxd5 O-O 16. Bxc6 Rad8 17. Rad1 Bxb2 18. Bd5 Kh8 19. Rd3 f5 20. e3 Qc5 21. Rfd1 g5 (21... Rb8 $142 22. Bb3 a5) 22. Bf3 $18 Rxd3 23. Rxd3 f4 {[%emt 0:00:09] Black is weak on the light squares} 24. exf4 ({But not} 24. gxf4 gxf4 25. e4 (25. exf4 Qc1+ 26. Bd1 Qxf4 $14) 25... Rb8 $16) 24... gxf4 25. Qe4 ({Less strong is} 25. gxf4 Qc1+ 26. Bd1 Qxf4 27. Qxf4 (27. Qxa7 Qe4 $11) 27... Rxf4 $14) 25... fxg3 26. hxg3 Qf5 27. Qe2 Qe5 28. Re3 Qf6 29. Kg2 Bd4 30. Re4 Bb6 31. a4 Bc5 32. Re5 Bd4 33. Re7 {[%emt 0:00:42] [#] aiming for Qe4.} Rf7 34. Re6 Qf5 35. Rd6 Bb6 (35... Bg7 36. Rd8+ Rf8) 36. Rd5 (36. Qb2+ $142 Rg7 37. Bd5) 36... Qf6 37. a5 Bd4 38. Qe8+ Rf8 39. Qe4 {[%emt 0:00:15] Active counter play!} Rd8 $2 (39... Bc3 40. Rd7 Qf5) 40. Rf5 Qg7 41. Qf4 {[%emt 0:00:33] [#] And now Be4 would win.} h6 42. Be4 Re8 43. Rf7 {[%emt 0:00:45] Black got outplayed after the opening.   Weighted Error Value: White=0.24 (precise) /Black=0.39} 1-0